Map: Efflorescence LE

Players

qqq

  • Race: Zerg Zerg
  • Spawn Location: 9:00

Massa

  • Race: Terran Terran
  • League: Platinum
  • Spawn Location: 6:00

DropDead - Winner!

  • Race: Protoss Protoss
  • League: Platinum
  • Spawn Location: 3:00

Frankiller - Winner!

  • Race: Terran Terran
  • League: Diamond
  • Spawn Location: 12:00

VOD

Have the link to the VOD?

Description

Time

  • Played on: Oct. 31, 2020, 7:06 a.m.
  • Length: 21:07
Show
View Real Time Build Order
Export as new Build Order

qqq Zerg 

Build Orders: Hatch First, Lurkers 

Get SALT Encoding   

  12  0:00  Drone  
  13  0:08  Drone  
  14  0:37  Hatchery  
  13  0:53  Spawning Pool  
  12  1:02  Overlord  
  12  1:10  Drone  
  13  1:15  Drone  
  14  1:25  Drone x2  
  16  1:50  Drone  
  16  1:51  Queen  
  16  1:53  Queen  
  21  1:56  Drone  
  22  2:06  Roach Warren  
  21  2:10  Drone  
  21  2:13  Extractor  
  21  2:15  Drone  
  21  2:19  Drone  
  23  2:22  Drone  
  23  2:27  Drone  
  24  2:34  Drone  
  25  2:37  Drone x2  
  25  2:40  Drone  
  28  2:46  Overlord  
  28  2:54  Extractor  
  28  2:57  Drone  
  28  2:58  Overlord  
  28  3:05  Roach x2  
  32  3:09  Roach  
  32  3:11  Drone  
  35  3:22  Roach  
  35  3:23  Drone x3  
  40  3:28  Drone  
  40  3:33  Drone  
  43  3:34  Drone  
  43  3:36  Drone  
  44  3:43  Lair  
  44  3:49  Overlord  
  44  3:52  Overlord  
  44  4:03  Overlord  
  44  4:09  Overlord, Roach x2  
  48  4:10  Roach  
  48  4:14  Ravager  
  51  4:17  Roach  
  51  4:18  Drone x2  
  51  4:20  Drone  
  51  4:23  Drone  
  57  4:33  Roach x2  
  57  4:34  Drone x2  
  63  4:44  Drone  
  63  4:45  Roach  
  66  4:52  Hydralisk Den, Spore Crawler  
  65  4:56  Drone x2, Spore Crawler  
  65  4:57  Drone  
  65  4:59  Extractor x2  
  64  5:01  Drone  
  64  5:04  Roach x2  
  69  5:14  Queen  
  71  5:33  Drone x4  
  71  5:34  Spire, Spore Crawler  
  73  5:36  Spore Crawler x2  
  73  5:39  Spore Crawler  
  73  5:41  Spore Crawler  
  73  5:42  Drone x2  
  69  6:10  Drone  
  69  6:11  Hydralisk x2  
  70  6:12  Drone  
  70  6:13  Drone  
  76  6:46  Overlord x3  
  76  7:04  Overlord x3  
  76  7:05  Corruptor  
  76  7:06  Corruptor x3  
  84  7:19  Mutalisk  
  84  7:21  Drone  
  84  7:22  Drone x3  
  90  7:27  Mutalisk  
  90  7:28  Mutalisk  
  94  7:44  Spore Crawler, Corruptor  
  80  8:20  Mutalisk x3, Corruptor  
  80  8:23  Zergling x8  
  80  8:24  Zergling x6  
  93  8:46  Mutalisk x3  
  99  9:02  Mutalisk x2  
  102  9:32  Hatchery  
  101  9:44  Hatchery  
  100  9:51  Hatchery  
  99  9:54  Mutalisk x4  
  99  9:56  Hatchery x2  
  99  9:58  Metabolic Boost  
  105  10:05  Evolution Chamber  
  104  10:08  Hydralisk x2  
  108  10:16  Lurker Den  
  103  11:03  Mutalisk  
  103  11:04  Mutalisk x4  
  103  11:07  Drone x6  
  103  11:08  Overlord x4  
  119  11:17  Hydralisk  
  119  11:18  Hydralisk x4  
  121  11:20  Zergling x2  
  121  11:23  Queen  
  132  11:27  Spine Crawler  
  132  11:28  Spine Crawler, Mutalisk  
  132  11:29  Overlord  
  132  11:30  Drone x2  
  132  11:31  Drone x2  
  136  11:47  Mutalisk x2  
  136  11:52  Drone  
  136  11:53  Drone x6  
  147  11:55  Drone x3  
  147  11:56  Drone  
  144  12:09  Infestation Pit  
  131  13:03  Drone x3  
  131  13:04  Drone x5  
  131  13:05  Mutalisk x4  
  139  13:06  Hydralisk x6  
  139  13:10  Lurker  
  138  13:22  Drone  
  138  13:23  Drone x4  
  126  13:40  Drone  
  126  13:41  Drone x4, Mutalisk x2  
  106  13:42  Mutalisk  
  110  13:56  Mutalisk  
  110  13:57  Mutalisk  
  110  13:58  Drone x4  
  110  13:59  Drone x2  
  112  14:14  Drone x3  
  113  14:26  Drone x3  
  113  14:28  Lurker x3  
  117  14:38  Evolution Chamber  
  117  14:39  Evolution Chamber  
  117  14:41  Zerg Missile Weapons Level 1  
  115  14:46  Extractor  
  115  14:47  Extractor  
  115  14:49  Extractor  
  115  14:50  Extractor  
  111  14:52  Spine Crawler x3  
  111  14:53  Spine Crawler  
  111  14:54  Spine Crawler  
  111  14:56  Spore Crawler  
  111  14:57  Spine Crawler x2  
  111  14:58  Spine Crawler, Spore Crawler  
  100  15:00  Spine Crawler  
  100  15:01  Mutalisk x3  
  105  15:07  Drone x3  
  105  15:08  Drone x6  
  105  15:12  Overseer  
  114  15:22  Pneumatized Carapace  
  114  15:42  Spine Crawler  
  113  15:43  Spine Crawler  
  112  15:51  Hydralisk x2  
  112  15:52  Hydralisk x5  
  112  15:54  Hatchery  
  112  15:55  Lurker  
  112  15:56  Zergling x2  
  127  15:59  Zerg Ground Armor Level 1  
  127  16:00  Zerg Melee Weapons Level 1  
  127  16:03  Zergling x2  
  129  16:04  Drone x4  
  129  16:05  Drone x5  
  129  16:08  Extractor  
  129  16:09  Extractor  
  135  16:31  Corruptor x6  
  144  16:33  Drone x4  
  141  16:53  Corruptor x4  
  110  17:14  Spine Crawler x2  
  102  17:15  Spine Crawler  
  102  17:16  Spine Crawler  
  102  17:17  Spore Crawler  
  102  17:19  Spore Crawler  
  102  17:21  Spine Crawler  
  102  17:22  Spore Crawler  
  96  17:23  Spine Crawler, Spore Crawler  
  96  17:25  Hive  
  96  17:26  Zerg Missile Weapons Level 2  
  96  17:27  Hydralisk  
  96  17:28  Hydralisk x4  
  105  17:30  Zergling x2  
  105  17:32  Zergling x6  
  106  18:03  Corruptor x5  
  116  18:05  Drone  
  116  18:06  Drone x2  
  119  18:20  Hatchery  
  118  18:33  Lurker x4  
  122  18:34  Zergling x2  
  122  18:35  Zergling x14  
  122  18:36  Drone x2  
  121  19:06  Corruptor x2  
  121  19:08  Mutalisk x2  
  129  19:20  Ultralisk Cavern  
  120  19:44  Mutalisk x3  
  124  19:45  Zergling x2  
  124  19:46  Zergling x8  
  123  19:56  Zergling x6  
  125  20:08  Drone x3  
  125  20:11  Spine Crawler  
  125  20:13  Spine Crawler  
  126  20:17  Corruptor x4  
  133  20:23  Overseer  
Show
View Real Time Build Order
Export as new Build Order

Massa Terran 

Build Orders:  

Get SALT Encoding   

  12  0:01  SCV  
  13  0:13  SCV  
  14  0:23  Supply Depot  
  14  0:25  SCV  
  15  0:36  Refinery  
  15  0:44  SCV  
  15  0:46  Barracks  
  16  0:56  SCV  
  17  1:08  SCV  
  18  1:14  Supply Depot  
  18  1:20  SCV  
  19  1:33  SCV  
  19  1:34  Reaper  
  21  1:50  Orbital Command  
  21  1:54  Engineering Bay  
  21  2:03  Barracks  
  21  2:06  Marine  
  22  2:19  SCV  
  23  2:37  Command Center  
  23  2:50  SCV  
  24  2:55  Refinery  
  24  2:57  Barracks Reactor  
  24  2:58  Barracks Tech Lab  
  24  3:02  SCV  
  24  3:04  Factory  
  25  3:14  SCV  
  25  3:16  Supply Depot  
  26  3:24  Stimpack  
  26  3:33  Marauder  
  28  3:35  Marine x2  
  30  3:49  Factory Tech Lab  
  30  3:53  Marine x2  
  30  3:54  Starport, Marauder  
  34  4:01  Missile Turret  
  35  4:06  Orbital Command  
  34  4:17  Siege Tank  
  34  4:20  Marine  
  38  4:25  Marauder  
  38  4:26  Marine  
  38  4:30  SCV  
  42  4:33  SCV  
  43  4:42  SCV  
  43  4:44  Missile Turret  
  44  4:47  SCV, Missile Turret  
  45  4:54  SCV  
  45  4:57  Marauder, Marine x2  
  50  5:02  Medivac  
  50  5:12  Missile Turret  
  48  5:17  Marine x2  
  48  5:18  Marine  
  49  5:34  Marine x2  
  48  5:36  Marine  
  48  5:42  SCV x2  
  51  5:46  Missile Turret  
  51  5:49  Missile Turret  
  51  5:54  SCV x2  
  53  6:07  Marine  
  53  6:08  Marine  
  48  6:25  Marine  
  49  6:27  Siege Tank  
  49  6:30  Marauder  
  54  6:38  Supply Depot  
  54  6:39  Supply Depot  
  54  6:40  Starport Reactor  
  54  6:42  Supply Depot  
  54  6:56  Refinery  
  54  6:59  Refinery, SCV x2, Marauder, Marine x2  
  60  7:06  Cyclone  
  63  7:10  Concussive Shells  
  63  7:11  SCV x2  
  65  7:17  Marine  
  65  7:21  Marauder  
  65  7:22  Missile Turret  
  68  7:29  Command Center  
  66  8:03  Supply Depot  
  66  8:04  Supply Depot x3  
  66  8:06  Supply Depot  
  65  8:24  Viking x2  
  65  8:25  Siege Tank  
  72  8:28  Supply Depot  
  72  8:31  Supply Depot  
  72  8:41  Barracks Reactor  
  72  8:43  Orbital Command  
  72  8:47  Marauder  
  74  8:51  Combat Shield  
  74  8:54  Viking x2  
  79  9:24  Marauder, Marine x2  
  73  9:42  Marine x2  
  75  9:45  Marauder  
  75  9:47  Missile Turret  
  75  9:49  Missile Turret  
  48  9:55  Siege Tank  
  47  10:00  Marine x2  
  47  10:03  Medivac x2  
  55  10:07  Marauder  
  55  10:11  SCV x3  
  58  10:18  Marine x2  
  60  10:26  SCV x3  
  65  10:28  Marauder  
  65  10:33  Medivac x2  
  69  10:35  Marine  
  69  10:38  SCV x2  
  72  10:48  Marine  
  75  10:50  Marauder  
  75  10:53  Marine  
  76  10:59  Barracks, Terran Infantry Weapons Level 1  
  76  11:00  Barracks  
  76  11:06  Marine  
  76  11:07  Viking  
  76  11:11  Marauder  
  81  11:14  Supply Depot  
  81  11:21  SCV x2, Orbital Command  
  83  11:33  SCV x2  
  83  11:37  Supply Depot  
  85  11:45  SCV x2  
  87  11:47  Barracks Tech Lab  
  87  11:49  Barracks Reactor  
  87  11:51  Marauder, Marine x2  
  91  11:56  SCV  
  91  11:57  SCV  
  91  11:58  SCV  
  94  12:01  Supply Depot  
  94  12:08  SCV, Marine  
  95  12:09  SCV, Marine  
  95  12:10  SCV  
  95  12:12  Marauder  
  101  12:20  SCV  
  101  12:21  Marauder  
  104  12:23  Siege Tank  
  104  12:25  Supply Depot  
  104  12:26  SCV x2, Marine  
  104  12:27  Marine  
  104  12:29  Refinery x2  
  111  12:32  SCV  
  111  12:33  Marauder  
  111  12:35  Missile Turret  
  114  12:38  SCV x2  
  114  12:41  Command Center  
  114  12:42  Marauder  
  118  12:44  Marine  
  118  12:45  Marine  
  120  12:51  Armory  
  120  12:53  Terran Infantry Armor Level 1  
  120  12:55  Marauder, Siege Tank  
  125  12:58  Missile Turret  
  125  13:00  Engineering Bay  
  125  13:02  Marine x2  
  125  13:03  Marauder  
  129  13:10  Viking x2  
  133  13:15  Marine  
  134  13:24  Marine  
  133  13:27  Cyclone  
  129  13:40  Viking x2  
  122  13:55  Marauder  
  122  13:56  Marauder, Marine x3  
  122  13:57  Marine  
  109  14:14  Marine x4, Viking x2  
  119  14:17  Marauder  
  119  14:18  Marauder  
  121  14:31  Marine  
  121  14:32  Marine x2  
  121  14:38  Marauder  
  121  14:39  Marauder  
  121  14:44  Viking  
  121  14:45  Medivac  
  86  15:00  Marauder x2  
  79  15:09  Marine x2  
  79  15:10  Marine x2  
  79  15:11  Siege Tank  
  79  15:13  Medivac  
  81  15:15  Medivac  
  81  15:21  Marauder  
  81  15:22  Marauder  
  81  15:25  SCV  
  81  15:26  SCV x2  
  81  15:27  Marine x2  
  81  15:28  Marine x2  
  90  15:31  Terran Infantry Weapons Level 2  
  90  15:32  Terran Infantry Armor Level 2  
  90  15:37  SCV  
  90  15:38  SCV x2  
  90  15:42  Marauder  
  95  15:43  Marauder, Medivac, Siege Tank  
  95  15:45  Marine x2  
  95  15:47  Factory  
  95  15:49  SCV  
  105  15:50  SCV x2  
  107  16:01  SCV  
  107  16:02  SCV x2  
  107  16:03  Barracks  
  107  16:04  Barracks, Marauder  
  112  16:05  Planetary Fortress  
  112  16:14  SCV x3  
  112  16:15  Siege Tank  
  118  16:26  SCV  
  119  16:53  Barracks  
  117  17:34  Marauder x2, Marine  
  117  17:35  Marine x3  
  125  17:37  Barracks Reactor, Barracks Tech Lab  
  125  17:38  Factory Tech Lab  
  125  17:43  Siege Tank  
  126  17:45  Barracks Tech Lab  
  105  17:52  Marine x4  
  105  17:55  Marauder  
  105  17:56  Marauder  
  105  18:03  SCV x3  
  105  18:04  SCV  
  107  18:10  Marauder, Marine x4  
  107  18:11  Marauder  
  109  18:14  Siege Tank  
  109  18:15  Smart Servos, SCV x2, Siege Tank  
  109  18:16  SCV x2, Marauder  
  109  18:17  Marauder, Command Center  
  109  18:19  Terran Infantry Weapons Level 3, Terran Infantry Armor Level 3  
  123  18:25  Refinery  
  123  18:27  Refinery  
  123  18:28  SCV x2, Marine x4  
  123  18:31  Missile Turret  
  123  18:32  Marauder x2  
  133  18:38  Marauder x2  
  137  18:45  Marine  
  137  18:46  Marine x3, Siege Tank  
  137  18:47  Siege Tank  
  147  18:52  Missile Turret  
  147  18:53  Marauder  
  147  18:54  Marauder  
  150  18:59  Marauder  
  150  19:00  Marauder  
  149  19:03  Marine  
  149  19:04  Marine x3  
  151  19:12  Missile Turret  
  151  19:13  Missile Turret  
  151  19:14  Missile Turret  
  151  19:15  Marauder x2  
  151  19:16  Missile Turret  
  151  19:18  Siege Tank  
  151  19:21  Marauder x2  
  156  19:36  Marauder x2  
  103  19:55  Siege Tank  
  103  19:56  Siege Tank  
  103  19:57  Marauder x3, Marine  
  103  19:58  Marauder, Marine  
  113  20:18  Marauder  
  113  20:19  Marauder x3  
  113  20:20  Viking x2  
  125  20:28  Siege Tank x2  
  127  20:29  Missile Turret x3  
  127  20:30  Missile Turret  
  122  20:40  Marauder x3  
  122  20:41  Marauder  
Show
View Real Time Build Order
Export as new Build Order

DropDead Protoss - Winner!

Build Orders: 1 Gate Expand, Carriers 

Get SALT Encoding   

  12  0:00  Probe  
  13  0:13  Pylon  
  13  0:18  Probe (Chrono Boost)  
  14  0:28  Probe (Chrono Boost)  
  15  0:33  Probe (Chrono Boost)  
  16  0:42  Gateway  
  16  0:46  Probe  
  17  1:03  Probe  
  18  1:05  Assimilator  
  18  1:15  Probe  
  19  1:30  Probe  
  20  1:32  Nexus  
  20  1:42  Pylon  
  20  1:53  Assimilator  
  20  1:55  Cybernetics Core  
  20  2:00  Probe  
  21  2:18  Gateway  
  21  2:27  Gateway  
  21  2:29  Warp Gate (Chrono Boost)  
  21  2:31  Probe  
  21  2:34  Adept  
  24  2:43  Probe  
  25  2:49  Twilight Council  
  25  2:54  Probe  
  25  2:55  Probe  
  27  3:06  Robotics Facility  
  28  3:12  Adept  
  27  3:16  Probe  
  30  3:24  Charge (Chrono Boost)  
  30  3:25  Probe  
  31  3:28  Probe  
  32  3:37  Probe  
  32  3:40  Gateway  
  33  3:43  Probe  
  34  3:49  Probe  
  34  3:54  Observer  
  36  4:01  Gateway  
  36  4:03  Probe x2  
  36  4:06  Pylon  
  38  4:15  Probe x2 (Chrono Boost), Adept  
  38  4:16  Adept  
  44  4:23  Warp Prism  
  46  4:31  Probe (Chrono Boost)  
  47  4:37  Gateway  
  47  4:38  Probe (Chrono Boost)  
  48  4:41  Gateway  
  48  4:44  Probe  
  48  4:45  Probe  
  49  4:48  Pylon  
  50  4:53  Pylon  
  50  5:00  Assimilator  
  50  5:04  Pylon  
  50  5:05  Assimilator  
  50  5:18  Pylon  
  50  5:20  Shield Battery  
  50  5:23  Shield Battery  
  49  5:40  Zealot x5  
  49  5:41  Zealot x2  
  55  6:11  Zealot x7  
  63  6:32  Zealot x5  
  63  6:41  Probe x2  
  65  6:48  Immortal (Chrono Boost)  
  65  6:49  Robotics Bay  
  65  6:50  Robotics Facility  
  65  6:53  Probe x2  
  71  7:07  Zealot x5  
  71  7:08  Zealot x2  
  73  7:19  Probe x2  
  73  7:20  Immortal  
  79  7:22  Zealot  
  79  7:23  Zealot x2  
  85  7:31  Probe  
  86  7:48  Forge x2  
  86  7:50  Probe x2  
  86  8:05  Pylon  
  86  8:06  Pylon  
  86  8:08  Pylon  
  86  8:09  Pylon  
  86  8:12  Pylon  
  80  8:21  Protoss Ground Weapons Level 1 (Chrono Boost)  
  80  8:23  Probe x2  
  80  8:26  Disruptor x2 (Chrono Boost)  
  82  8:31  Protoss Ground Armor Level 1 (Chrono Boost)  
  82  8:32  Zealot x3  
  82  8:33  Sentry x2  
  98  8:35  Probe  
  98  8:38  Pylon x2  
  98  8:40  Pylon  
  99  8:42  Pylon  
  99  8:47  Probe x2  
  101  8:54  Disruptor  
  104  8:59  Probe  
  105  9:06  Stargate x2  
  105  9:09  Stargate  
  89  9:18  Photon Cannon  
  89  9:21  Photon Cannon, Stalker x2  
  91  9:24  Photon Cannon  
  90  9:33  Zealot x3  
  90  9:34  Zealot  
  90  9:57  Warp Prism (Chrono Boost)  
  90  10:05  Nexus  
  92  10:09  Pylon  
  92  10:11  Phoenix (Chrono Boost)  
  92  10:12  Phoenix (Chrono Boost), Pylon  
  96  10:23  Templar Archives  
  96  10:32  Shield Battery  
  96  10:36  Shield Battery  
  96  10:38  Shield Battery  
  96  10:50  Stalker x4  
  96  10:51  Stalker  
  102  11:06  Probe  
  103  11:12  Phoenix x2  
  107  11:18  Probe  
  108  11:30  Probe  
  109  11:33  High Templar x2  
  109  11:37  Archon  
  109  11:38  High Templar, Assimilator  
  109  11:39  High Templar  
  117  11:42  Archon, Assimilator  
  117  11:46  Photon Cannon, High Templar x2  
  121  11:48  Photon Cannon  
  121  11:50  Archon  
  119  12:03  Phoenix x3 (Chrono Boost)  
  125  12:24  Photon Cannon, Phoenix (Chrono Boost)  
  125  12:25  Photon Cannon  
  125  12:29  Phoenix x2 (Chrono Boost)  
  131  13:12  Phoenix x2  
  133  13:13  Phoenix  
  133  13:14  Fleet Beacon  
  89  14:14  Zealot x4  
  89  14:15  Zealot x3  
  91  14:26  Carrier x3 (Chrono Boost)  
  107  14:45  Zealot x5  
  111  14:46  Zealot x2  
  117  15:03  Probe x2  
  117  15:04  Probe  
  120  15:14  Nexus  
  120  15:23  Carrier  
  126  15:29  High Templar x7  
  126  15:33  Archon x3  
  140  15:56  Pylon  
  140  15:59  Pylon  
  140  16:42  Protoss Air Weapons Level 1 (Chrono Boost)  
  140  17:09  Carrier x3 (Chrono Boost)  
  140  17:10  Mothership (Chrono Boost)  
  166  17:21  Assimilator  
  166  17:23  Shield Battery  
  166  17:24  Shield Battery  
  166  17:25  Assimilator  
  166  17:27  Photon Cannon  
  166  17:29  Photon Cannon  
  166  17:31  Photon Cannon  
  166  17:33  Photon Cannon  
  166  17:38  Zealot x6  
  170  18:03  Carrier (Chrono Boost)  
  176  18:16  Carrier x2 (Chrono Boost)  
  188  18:22  Protoss Shields Level 1 (Chrono Boost)  
  188  18:40  High Templar x3  
  194  18:44  Archon  
  194  18:46  Archon  
  194  19:01  Carrier  
Show
View Real Time Build Order
Export as new Build Order

Frankiller Terran - Winner!

Build Orders: 1/1/1 

Get SALT Encoding   

  12  0:02  SCV  
  13  0:15  SCV  
  13  0:18  Supply Depot  
  14  0:27  SCV  
  15  0:29  Refinery  
  15  0:42  Barracks  
  15  0:45  SCV  
  16  0:57  SCV  
  17  1:09  Refinery  
  17  1:10  SCV  
  19  1:29  Orbital Command  
  19  1:30  Marine  
  19  1:37  Factory  
  19  1:53  Marine  
  20  2:00  SCV  
  21  2:03  Supply Depot  
  21  2:12  SCV  
  21  2:14  Marine  
  23  2:21  Starport  
  23  2:28  Hellion  
  25  2:30  SCV  
  26  2:46  SCV  
  26  2:49  Marine  
  26  2:51  Hellion  
  30  2:54  Supply Depot  
  30  3:01  Fusion Core  
  30  3:03  SCV  
  31  3:10  Starport Tech Lab  
  31  3:17  SCV  
  32  3:22  Supply Depot  
  32  3:37  SCV  
  33  3:47  Factory Tech Lab  
  33  3:49  Battlecruiser  
  39  4:03  Barracks Tech Lab  
  39  4:05  Engineering Bay  
  39  4:17  Command Center  
  39  4:22  Stimpack  
  39  4:29  Barracks  
  39  4:45  Missile Turret  
  39  4:49  Siege Tank  
  39  4:51  Missile Turret  
  39  4:52  SCV  
  43  5:09  Starport Reactor  
  43  5:11  Barracks  
  43  5:12  Marine  
  43  5:13  SCV  
  45  5:22  Marine  
  45  5:25  SCV  
  47  5:30  Marine  
  47  5:31  SCV  
  49  5:39  Marine  
  50  5:45  SCV  
  50  5:48  Marine  
  50  5:49  SCV  
  53  5:53  Supply Depot  
  53  5:57  SCV, Marine  
  53  6:01  Engineering Bay  
  53  6:02  SCV  
  55  6:06  Marine  
  55  6:10  Marine  
  57  6:11  Combat Shield  
  57  6:13  SCV  
  59  6:19  Orbital Command  
  59  6:21  Barracks Reactor  
  58  6:26  Medivac  
  58  6:27  Medivac  
  58  6:32  SCV  
  63  6:36  Terran Infantry Armor Level 1  
  63  6:37  Marine, Terran Infantry Weapons Level 1  
  64  6:40  Refinery  
  64  6:43  Refinery  
  64  6:46  Supply Depot  
  64  6:48  SCV  
  65  6:56  SCV  
  65  7:00  Marine x2  
  68  7:01  SCV  
  68  7:07  Marine  
  68  7:08  SCV  
  71  7:11  Siege Tank  
  71  7:12  Marine  
  71  7:13  SCV  
  76  7:18  Marine  
  76  7:20  SCV  
  78  7:40  SCV, Marine  
  78  7:44  Marine  
  78  7:46  SCV  
  78  7:54  SCV  
  78  8:15  SCV x2  
  78  8:17  Marine x2  
  78  8:38  Marine  
  78  8:42  Marine  
  78  8:43  SCV  
  78  8:54  SCV, Marine  
  78  8:55  SCV  
  78  9:04  Supply Depot  
  78  9:05  Missile Turret  
  78  9:06  Command Center  
  78  9:07  Missile Turret  
  78  9:26  SCV x2, Marine x3, Siege Tank  
  78  9:29  Marauder  
  84  9:38  SCV x2  
  85  9:43  Marine x3  
  82  9:49  Marine  
  82  9:50  SCV x2  
  85  10:01  Marine  
  86  10:07  Supply Depot x2  
  86  10:08  Supply Depot x2  
  86  10:09  Supply Depot  
  86  10:11  Command Center  
  86  10:15  Refinery  
  86  10:17  Widow Mine, SCV x2, Marine x3  
  86  10:19  Marine  
  94  10:22  Supply Depot  
  94  10:26  Armory  
  94  10:27  SCV  
  95  10:29  SCV x2  
  95  10:35  Marine x2  
  98  10:39  Marine, Missile Turret, Siege Tank  
  98  10:41  SCV  
  98  10:42  Missile Turret  
  103  10:45  Marine  
  103  10:53  Marine x2, Planetary Fortress  
  103  10:56  Marine  
  105  10:57  SCV  
  105  10:58  SCV  
  105  11:02  Marine  
  109  11:09  SCV  
  109  11:10  Marine  
  109  11:11  Siege Tank  
  114  11:12  Missile Turret  
  114  11:13  Refinery, Missile Turret  
  114  11:14  Missile Turret  
  114  11:19  SCV  
  114  11:20  Supply Depot  
  114  11:21  Supply Depot  
  115  11:29  Barracks  
  115  11:30  SCV  
  115  11:32  Barracks  
  116  11:38  SCV  
  117  11:41  Starport, SCV  
  117  11:42  Factory  
  117  11:43  Widow Mine  
  117  11:44  Supply Depot  
  120  11:51  Marine x3  
  120  11:52  Medivac x2  
  126  11:55  SCV  
  127  12:04  Widow Mine  
  127  12:07  Marine  
  127  12:08  SCV, Marine  
  131  12:09  Marine x2  
  131  12:10  SCV  
  131  12:13  SCV  
  136  12:22  Medivac x2  
  137  12:25  SCV, Marauder  
  137  12:26  SCV  
  137  12:27  SCV  
  142  12:32  Missile Turret x2  
  142  12:35  Marine x2  
  142  12:36  Siege Tank  
  142  12:37  SCV, Missile Turret  
  145  12:38  Marine x2  
  145  12:39  SCV x2  
  145  12:40  Marine  
  147  12:45  Factory Tech Lab  
  147  12:46  Marine  
  147  12:49  SCV  
  147  12:51  SCV, Medivac  
  148  12:52  Medivac  
  148  12:53  Marine x2  
  148  12:54  Missile Turret  
  148  12:55  SCV  
  148  12:56  Marine  
  152  12:58  Marine x2  
  152  13:04  Marine, Hellbat  
  156  13:08  Widow Mine  
  156  13:11  Marine x2  
  158  13:21  SCV, Medivac  
  158  13:23  SCV  
  158  13:24  SCV  
  158  13:25  Siege Tank  
  165  13:29  Widow Mine  
  165  13:30  Marine  
  165  13:31  Marauder  
  154  13:36  Marine x2  
  154  13:37  SCV  
  145  13:41  SCV  
  145  13:42  Marine  
  145  13:46  Marine  
  145  13:48  Marine  
  129  13:50  Thor  
  129  13:51  SCV  
  129  13:52  Marine  
  129  13:53  Marine  
  129  13:54  Marine  
  129  13:57  Siege Tank  
  129  13:59  Marine  
  127  14:04  Marine  
  127  14:06  Marine  
  126  14:10  Marine  
  126  14:12  Missile Turret x2  
  126  14:14  Planetary Fortress  
  126  14:15  Missile Turret x2  
  125  14:17  Refinery  
  125  14:19  Refinery  
  119  14:30  Widow Mine  
  121  14:31  SCV  
  121  14:33  Marine  
  121  14:34  Widow Mine, SCV  
  121  14:35  Marine x2  
  121  14:36  Marine  
  121  14:38  SCV  
  128  14:43  SCV  
  128  14:45  Marine x2  
  131  14:46  SCV  
  131  14:51  Marine, Thor  
  133  14:55  Marine, Siege Tank  
  133  14:56  SCV  
  133  14:57  Marine  
  133  14:58  Barracks Tech Lab  
  131  15:09  Marine x2  
  131  15:10  SCV  
  131  15:11  Marine  
  131  15:12  SCV  
  132  15:19  SCV  
  132  15:20  SCV  
  134  15:22  SCV  
  134  15:27  Widow Mine  
  137  15:30  SCV  
  137  15:34  Supply Depot, Siege Tank  
  139  15:38  SCV, Terran Infantry Weapons Level 2  
  139  15:39  Terran Infantry Armor Level 2  
  139  15:40  Marine, Supply Depot  
  139  15:42  SCV x2  
  139  15:43  SCV  
  139  15:47  Barracks Tech Lab  
  139  15:48  Marine  
  139  15:49  Hellbat  
  141  15:51  Marine x3  
  141  15:55  Starport Tech Lab  
  144  15:57  Fusion Core  
  144  16:03  SCV  
  145  16:06  Widow Mine  
  145  16:07  SCV  
  145  16:10  Marine x2, Siege Tank  
  145  16:11  Starport, Marine  
  154  16:14  Starport, SCV  
  154  16:15  SCV x2  
  154  16:17  Marine x2  
  159  16:19  SCV  
  154  16:26  Marine  
  154  16:28  Widow Mine, Marine  
  154  16:29  SCV  
  159  16:38  Marine  
  159  16:39  SCV  
  161  16:40  SCV  
  161  16:42  Widow Mine  
  161  16:44  Marine x2  
  164  16:49  Siege Tank  
  164  16:52  Viking x2  
  171  17:00  Marine  
  171  17:01  SCV  
  171  17:03  Siege Tank  
  171  17:07  Marine  
  171  17:08  SCV  
  174  17:10  Marine  
  174  17:13  Liberator  
  178  17:21  Liberator, Siege Tank  
  178  17:22  Viking  
  185  17:23  Marine  
  184  17:32  Command Center  
  183  17:41  Marine  
  183  17:42  SCV  
  181  17:44  Marine x2  
  181  17:45  SCV  
  181  17:47  Marine  
  181  17:48  Starport Tech Lab, SCV  
  181  17:50  Weapon Refit  
  181  17:52  Viking  
  181  17:53  Armory, Siege Tank  
  181  17:55  SCV  
  185  17:59  Marine  
  185  18:03  SCV  
  185  18:04  Armory  
  185  18:08  Supply Depot  
  185  18:12  Supply Depot  
  184  18:15  Supply Depot  
  184  18:16  Starport Tech Lab  
  184  18:25  Siege Tank  
  187  18:28  Supply Depot  
  187  18:30  Supply Depot, Battlecruiser  
  187  18:34  Starport, Battlecruiser  
  199  18:44  Missile Turret x2  
  199  18:46  Missile Turret  
  199  18:49  Missile Turret  
  196  18:57  Command Center, Siege Tank  
  196  18:59  Marine  
  196  19:01  Marine  
  190  19:03  SCV  
  190  19:07  Marine  
  190  19:08  SCV  
  193  19:12  Starport  
  193  19:25  Starport  
  193  19:27  Starport  
  193  19:28  Marine  
  193  19:29  SCV, Siege Tank  
  198  19:33  Marine  
  198  19:34  Battlecruiser  
  196  19:38  SCV  
  196  19:43  Marine  
  196  19:45  Battlecruiser  
  193  19:55  Refinery  
  193  20:01  Siege Tank  
  193  20:06  Starport Tech Lab  
  193  20:07  Starport Tech Lab x3  
  196  20:15  Marine  
  196  20:16  SCV  
  196  20:18  Planetary Fortress  
  198  20:22  Missile Turret  
  198  20:23  Missile Turret x2  
  198  20:24  Missile Turret x2  
  198  20:25  SCV  
  198  20:27  Refinery  
  199  20:31  Marine  
  200  20:36  Missile Turret  
  200  20:38  SCV  
  200  20:39  Missile Turret x2  
  200  20:41  Marine x2  
  198  20:43  Marine  
  198  20:44  Missile Turret  
  198  20:46  Missile Turret  
  198  20:47  Missile Turret  
  198  20:49  SCV  
Tags
 
Add a new tag
Caveats
  • Supply blocks, unpowered buildings, or Contaminate may cause inaccurate times.
  • Supply counts are checked every 10 seconds.